 Dungeon Crawl Stone Soup version 0.21-a0-186-g02e8684 (webtiles) character file.

46 Espgualade the Skirmisher (level 3, 0/23 HPs)
             Began as a Tengu Ice Elementalist on Aug 12, 2017.
             Succumbed to an adder's poison
             ... on level 2 of the Dungeon.
             The game lasted 00:02:55 (1189 turns).

Espgualade the Skirmisher (Tengu Ice Elementalist)  Turns: 1189, Time: 00:02:55

Health: 0/23       AC:  2    Str:  8    XL:     3   Next: 68%
Magic:  1/7        EV: 12    Int: 16    God:
Gold:   102        SH:  0    Dex: 14    Spells: 3/6 levels left

rFire    + . .     SeeInvis .   e - +0 dagger
rCold    . . .     Gourm    .   (no shield)
rNeg     . . .     Faith    .   a - +0 robe
rPois    .         Spirit   .   (helmet restricted)
rElec    .         Reflect  .   (no cloak)
rCorr    .         Harm     .   (no gloves)
MR       +....                  (boots unavailable)
Stlth    ++........             (no amulet)
HPRegen  0.07/turn              f - ring of protection from magic
MPRegen  0.10/turn              h - ring of protection from fire

@: lethally poisoned (0 -> -2), very slightly contaminated, hasted, very quick
A: beak, talons 3
a: no special abilities


You were on level 2 of the Dungeon.
You were not hungry.

You visited 1 branch of the dungeon, and saw 2 of its levels.

You collected 102 gold pieces.

Inventory:

Hand Weapons
 e - a +0 dagger (weapon)
 g - a cursed -3 dagger
Armour
 a - a +0 robe (worn)
Jewellery
 f - a ring of protection from magic (left hand)
 h - a ring of protection from fire (right hand)
 j - a cursed ring of loudness {unknown}
Scrolls
 d - 2 scrolls of identify {unknown}
 i - 2 scrolls of teleportation {unknown}
 l - a scroll of recharging {unknown}
Potions
 k - a potion of haste
Books
 b - a book of Frost

   Spells                             Type                      Level
   a - Freeze                         Ice                          1
   b - Throw Frost                    Conjuration/Ice              2
   c - Ozocubu's Armour               Charms/Ice                   3
   d - Throw Icicle                   Conjuration/Ice              4
   e - Summon Ice Beast               Ice/Summoning                4
Comestibles
 c - a bread ration


   Skills:
 + Level 3.2 Fighting
 - Level 2.1 Dodging
 - Level 2.0 Stealth
 - Level 2.0 Spellcasting
 - Level 1.3 Conjurations
 - Level 2.6 Ice Magic


You had 3 spell levels left.
You knew the following spells:

 Your Spells              Type           Power        Failure   Level  Hunger
a - Freeze                Ice            ##..         7%          1    #......
b - Throw Frost           Conj/Ice       #.....       14%         2    ###....


Dungeon Overview and Level Annotations

Branches:
Dungeon (2/15)

Altars:


Innate Abilities, Weirdness & Mutations

You have a beak for a mouth.
You have claws for feet.


Message History

The frilled lizard hisses angrily.
Casting: Freeze
Confirm with . or Enter, or press ? or * to list all spells.
Aiming: Freeze
Press: ? - help, Shift-Dir - straight line, f - frilled lizard
Aim: a frilled lizard You freeze the frilled lizard.
The frilled lizard seems to slow down.
The frilled lizard is heavily wounded.
The frilled lizard bites you.
* * * LOW HITPOINT WARNING * * *
Casting: Freeze
Confirm with . or Enter, or press ? or * to list all spells.
Aiming: Freeze
Press: ? - help, Shift-Dir - straight line, f/p - frilled lizard
Aim: a frilled lizard (slow)
You freeze the frilled lizard.
You kill the frilled lizard!
You enter a teleport trap!
The teleport trap disappears.
Your surroundings suddenly seem different.
You die...

.###.# #.......## #.#
...#.# #..#...##
#.####.### .#.#.# #..##...
..........# ##.#.## #..#
##.#####..# ##....#
#..######## #..#
......#####.......... #..#
..............<##### #..#
##.########.##.##########
#..# ##.#
##.##..@.......#####..#
##.####
#...#######...........#
......#
#...........##.#####.##
...##.# #...##########.#
#.# #### # ##.## #.# #.#
#.# #.# #.# #.######## #<#
#.#
#.####...................#
#.)..........####.###.###


There were no monsters in sight!

Vanquished Creatures
  2 adders (D:2)
  A leopard gecko (D:1)
  A bat (D:1)
  3 giant cockroaches
  2 hobgoblins (D:1)
  A jackal (D:1)
  A quokka (D:2)
  4 frilled lizards
  2 goblins
  6 kobolds
  6 rats (D:1)
29 creatures vanquished.

Notes
Turn   | Place    | Note
-------+----------+-------------------------------------------
     0 | D:1      | Espgualade the Tengu Ice Elementalist began the quest for the Orb.
     0 | D:1      | Reached XP level 1. HP: 10/10 MP: 4/4
    41 | D:1      | Reached skill level 1 in Fighting
   162 | D:1      | Reached XP level 2. HP: 16/16 MP: 6/6
   591 | D:1      | Reached skill level 2 in Fighting
   742 | D:1      | Learned a level 2 spell: Throw Frost
   836 | D:2      | Reached XP level 3. HP: 11/22 MP: 7/7
  1156 | D:2      | Reached skill level 3 in Fighting
  1184 | D:2      | HP: 1/23 [frilled lizard (1)]
  1189 | D:2      | Succumbed to an adder's poison

Vault maps used:
D:1:      roderic_octagonal_star, fountainhead
D:2:      minmay_tree_intersection

Skill      XL: |  1  2  3 |
---------------+----------+-----
Fighting       | 1 2 3 |  3.2
Dodging        | |  2.1
Stealth        | |  2.0
Spellcasting   | |  2.0
Conjurations   | |  1.3
Ice Magic      | |  2.6

Action                   || total
-------------------------++-------
Melee: Unarmed           ||     8
       Dagger            ||    47
       Kick              ||    10
       Peck              ||     9
 Cast: Freeze            ||    17
  Use: Potion            ||     1
 Stab: Sleeping          ||     6
  Eat: Chunk             ||     1
Armor: Robe              ||     6
Dodge: Dodged            ||    31
